 Dungeon Crawl Stone Soup version 0.30-a0-585-g93115170b9 (webtiles) character file.

Game seed: 14328432885874649535

136 Nick1 the Gusty (level 4, -6/36 HPs)
             Began as a Draconian Air Elementalist on Jan 3, 2023.
             Mangled by Pargi (7 damage)
             ... in a sewer.
             The game lasted 00:12:45 (2462 turns).

Nick1 the Gusty (Draconian Air Elementalist)        Turns: 2462, Time: 00:12:46

Health: -6/36      AC:  5    Str: 10    XL:     4   Next: 98%
Magic:  6/7        EV: 12    Int: 17    God:
Gold:   180        SH:  0    Dex: 12    Spells: 0/8 levels left

rFire   . . .      SeeInvis .    (no weapon)
rCold   . . .      Faith    .    (no shield)
rNeg    . . .      Spirit   .    (body armour unavailable)
rPois   .          Reflect  .    (helmet restricted)
rElec   .          Harm     .    (no cloak)
rCorr   .          Rampage  .    (no gloves)
Will    .....                    (no boots)
Stlth   ++                       p - amulet of magic regeneration
HPRegen 0.26/turn                j - ring of wizardry
MPRegen 0.50/turn                (no ring)

@: no status effects
A: AC +5, unfitting armour, cold-blooded
a: no special abilities


You were in a sewer.
You visited 1 branch of the dungeon, and saw 3 of its levels.
You also visited: Sewer.

You collected 180 gold pieces.

Inventory:

Missiles
 n - a throwing net
Jewellery
 j - a ring of wizardry (left hand)
 p - an amulet of magic regeneration (around neck)
Scrolls
 b - a scroll of noise {unknown}
 d - a scroll of immolation {unknown}
 f - a scroll of butterflies
 g - a scroll of fog {unknown}
 h - a scroll of enchant armour {unknown}
 i - a scroll of acquirement {unknown}
 m - a scroll of identify {unknown}
Potions
 c - a potion of brilliance {unknown}
 e - 2 potions of curing {unknown}
 k - 2 potions of lignification {unknown}
 l - a potion of attraction {unknown}
 o - a potion of berserk rage {unknown}


   Skills:
 * Level 1.7 Fighting
 + Level 2.3 Dodging
 + Level 1.9 Stealth
 + Level 0.3 Unarmed Combat
 + Level 2.6 Spellcasting
 * Level 2.0 Conjurations
 * Level 4.1 Air Magic


You couldn't memorise any spells.
You knew the following spells:

 Your Spells              Type           Power      Damage    Failure   Level
a - Shock                 Conj/Air       48%        1d6       2%          1
b - Static Discharge      Conj/Air       24%        2-3/arc   3%          2
c - Swiftness             Air            16%        N/A       4%          3
d - Poisonous Vapours     Pois/Air       18%        N/A       4%          2

Your spell library contained the following spells:

 Spells                   Type           Power      Damage    Failure   Level
 Cigotuvi's Dreadful Rot  Necr/Pois/Air  12%        N/A       6%          2
 Apportation              Tloc           4%         N/A       8%          1
 Necrotise                Necr           8%         1d4       8%          1
 Summon Small Mammal      Summ           8%         N/A       8%          1
 Mephitic Cloud           Conj/Pois/Air  9%         N/A       10%         3
 Airstrike                Air            8%         2d(2-18)  13%         4


Dungeon Overview and Level Annotations

Branches:
Dungeon (3/15)              Sewer (1/1)

Altars:
Zin

Annotations:
Sewer Pargi


Innate Abilities, Weirdness & Mutations

Your plain brown scales are hard. (AC +5)
You cannot fit into any form of body armour.
You are cold-blooded and may be slowed by cold attacks.


Message History

Pargi is severely wounded.
Pargi bites you. Pargi barely misses you. Pargi completely misses you.
Casting: Shock (safe; 2% risk of failure)
Confirm with . or Enter, or press ? or * to list all spells.
Aiming: Shock (safe; 2% risk of failure)
Press: ? - help, Shift-Dir - straight line, f/p - Pargi
Aim: Pargi (severely wounded, 60% to hit)
The zap hits Pargi.
Pargi is severely wounded.
Pargi misses you. x2; Pargi barely misses you.
Magic courses through your body. Pargi bites you.
* * * LOW HITPOINT WARNING * * *
Pargi claws you.
* * * LOW HITPOINT WARNING * * *
Pargi claws you.
* * * LOW HITPOINT WARNING * * *
Casting: Shock (safe; 2% risk of failure)
Confirm with . or Enter, or press ? or * to list all spells.
Aiming: Shock (safe; 2% risk of failure)
Press: ? - help, Shift-Dir - straight line, f/p - Pargi
Aim: Pargi (severely wounded, 60% to hit)
The zap hits Pargi.
Pargi is severely wounded.
Pargi bites you but does no damage. Pargi closely misses you.
Pargi claws you but does no damage.
Casting: Shock (safe; 2% risk of failure)
Confirm with . or Enter, or press ? or * to list all spells.
Aiming: Shock (safe; 2% risk of failure)
Press: ? - help, Shift-Dir - straight line, f/p - Pargi
Aim: Pargi (severely wounded, 60% to hit)
The zap hits Pargi.
Pargi is almost dead.
Pargi bites you.
* * * LOW HITPOINT WARNING * * *
Pargi claws you.
* * * LOW HITPOINT WARNING * * *
Pargi claws you.
* * * LOW HITPOINT WARNING * * *
Pargi attacks as you move away! Pargi bites you!
You die...

≈≈≈≈≈≈≈≈≈~## .#
≈≈≈≈≈≈≈≈≈~.# ~#
#≈≈≈≈≈≈≈≈≈~## .#
##≈≈≈≈≈≈≈≈≈.# .#
#≈≈≈≈≈≈≈≈≈≈~### .#
#≈≈≈≈≈≈≈≈≈≈.#.#####~#
≈≈≈≈≈≈≈≈≈≈≈~~.##.#.##.#~≈
#≈≈≈≈≈≈≈≈≈≈≈~#.~~≈.~~.≈≈
###≈≈≈≈≈≈≈≈≈≈@T≈≈≈≈≈≈≈≈≈
#≈≈≈≈≈≈≈≈≈≈≈≈≈≈≈≈≈≈≈≈≈
##≈≈≈≈≈≈≈≈≈≈≈≈≈≈≈≈≈≈≈≈
##≈≈≈≈≈≈≈≈≈≈≈≈≈≈≈≈≈≈≈
#≈≈≈≈≈≈≈≈≈≈≈≈≈≈≈≈≈≈≈
##≈≈≈≈≈≈≈≈≈≈≈≈≈≈≈≈≈≈
#≈≈≈≈≈≈≈≈≈≈≈≈≈≈≈≈≈#
##≈≈≈#≈≈≈##≈##≈


You could see Pargi.

Vanquished Creatures
  An orc wizard (D:3)
  Natasha (D:2)
  An adder (Sewer)
  A river rat (D:3)
  A worm (D:3)
  2 dart slugs
  3 orcs
  5 bats
  4 endoplasms
  A giant cockroach (D:2)
  7 goblins
  6 hobgoblins
  A jackal (D:1)
  6 kobolds
  2 quokkas (D:2)
  6 ball pythons
  5 frilled lizards
  5 rats
58 creatures vanquished.

Notes
Turn   | Place    | Note
-------+----------+-------------------------------------------
     0 | D:1      | Nick1 the Draconian Air Elementalist began the quest for
                  | the Orb.
     0 | D:1      | Reached XP level 1. HP: 14/14 MP: 3/3
   212 | D:1      | Reached XP level 2. HP: 20/20 MP: 0/5
   215 | D:1      | Learned a level 2 spell: Static Discharge
   904 | D:2      | Reached XP level 3. HP: 23/27 MP: 0/6
  1034 | D:2      | Found a glowing silver altar of Zin.
  1039 | D:2      | Learned a level 3 spell: Swiftness
  1416 | D:2      | Reached skill level 1 in Fighting
  1752 | D:2      | Noticed Natasha
  1773 | D:2      | Killed Natasha
  1773 | D:2      | HP: 1/28 [/static electricity (3)]
  1774 | D:2      | Reached XP level 4. HP: 1/35 MP: 4/7
  2394 | D:3      | Reached skill level 4 in Air Magic
  2394 | D:3      | Found a glowing drain.
  2402 | Sewer    | Entered a sewer
  2426 | Sewer    | Learned a level 2 spell: Poisonous Vapours
  2445 | Sewer    | Noticed Pargi
  2461 | Sewer    | HP: 1/36 [Pargi (2)]
  2462 | Sewer    | Mangled by Pargi

Illustrated notes

Levels and vault maps discovered:
D:1:      erik_arrival_blinker_ship, layout_rooms, st_stairs_3
D:2:      layout_loops_ring, basic_altar, minmay_indecisive_spiral, uniq_natasha
D:3:      layout_loops_corners, nicolae_gozag_zags_fifth_avenue,
          cheibrodos_sewer_entry_sluice
Sewer:    sewer_co_pargi_island

Skill      XL: |  1  2  3  4 |
---------------+-------------+-----
Dodging        | 2 |  2.3
Fighting       | 1 |  1.7
Conjurations   | 2 |  2.0
Air Magic      | 4 |  4.1
Stealth        | |  1.9
Unarmed Combat | |  0.3
Spellcasting   | |  2.6

Action                   |  1- 3 |  4- 6 || total
-------------------------+-------+-------++-------
Melee: Unarmed           |    41 |    13 ||    54
       Tailslap          |     3 |       ||     3
 Cast: Shock             |    71 |    35 ||   106
       Static Discharge  |     7 |     9 ||    16
  Use: Potion            |     1 |     1 ||     2
       Scroll            |       |     1 ||     1
Armor: Skin              |    42 |    23 ||    65
Dodge: Dodged            |   111 |    28 ||   139

Table legend: (Time is in decaauts)
 A = Elapsed time spent in this place.
 B = Non-inter-level travel time spent in this place.
 C = Inter-level travel time spent in this place.
 D = Time resting spent in this place.
 E = Time spent auto-exploring this place.
 F = Levels seen in this place.
 G = Mean time per level.
                   A        B        C        D        E       F      G
               +--------+--------+--------+--------+--------+-----+--------+
         Total |   2496 |   2443 |     53 |      0 |   1928 |   4 |  624.0 |
       Dungeon |   2426 |   2373 |     53 |      0 |   1888 |   3 |  808.7 |
         Sewer |     69 |     69 |      0 |      0 |     39 |   1 |   69.0 |
               +--------+--------+--------+--------+--------+-----+--------+

Top non-repeatable levels by time:
     D:2: 1302 daAuts
     D:1: 847 daAuts
     D:3: 277 daAuts
   Sewer: 69 daAuts
